 Dungeon Crawl Stone Soup version 0.27-a0-1312-g5cdb2b3542 (webtiles) character file.

Game seed: 17129455950207393004

4 flotson the Sneak (level 1, -3/18 HPs)
             Began as a Demonspawn Delver on June 20, 2021.
             Slain by an orc (5 damage)
             ... on level 4 of the Dungeon.
             The game lasted 00:00:38 (96 turns).

flotson the Sneak (Demonspawn Delver)                 Turns: 96, Time: 00:00:39

Health: -3/18      AC:  3    Str: 12    XL:     1   Next: 50%
Magic:  1/1        EV: 11    Int: 11    God:
Gold:   1          SH:  0    Dex: 14    Spells: 0/0 levels left

rFire    . . .     SeeInvis .   a - +0 hand axe
rCold    . . .     Faith    .   (no shield)
rNeg     . . .     Spirit   .   b - +0 leather armour
rPois    .         Reflect  .   (no helmet)
rElec    .         Harm     .   (no cloak)
rCorr    .         Rampage  .   (no gloves)
Will     .....                  (no boots)
Stlth    ++........             (no amulet)
HPRegen  0.06/turn              (no ring)
MPRegen  0.07/turn              (no ring)

@: hasted, very quick
A: no striking features
a: no special abilities


You were on level 4 of the Dungeon.
You visited 1 branch of the dungeon, and saw 2 of its levels.

You collected 1 gold pieces.

Inventory:

Hand Weapons
 a - a +0 hand axe (weapon)
Armour
 b - a +0 leather armour (worn)
Wands
 g - a wand of digging (3)
Scrolls
 c - a scroll of fog
 d - a scroll of magic mapping
 e - a scroll of fear


   Skills:
 + Level 3.0 Fighting
 + Level 1.8 Axes
 + Level 0.2 Armour
 + Level 1.8 Dodging
 - Level 4.5 Stealth


You couldn't memorise any spells.
You didn't know any spells.
Your spell library was empty.

Dungeon Overview and Level Annotations

Branches:
Dungeon (5/15)
 Temple: D:4-7

Altars:
Okawaru


Message History

Found a viscous blue potion and 11 arrows.
An orc comes into view. It is wielding a +0 hand axe.
Found 10 bolts.
A goblin comes into view. It is wielding a +0 whip of draining.
An orc comes into view. It is wielding a +0 hand axe.
The orc shouts!
An orc comes into view. It is wielding a +0 trident.
The orc shouts!
You hear a shout!
The orc shouts!
Found a dagger.
You feel yourself speed up.
The orc throws a boomerang.
The boomerang hits you. The orc barely misses you.
You barely miss the orc. You barely miss the orc. You hit the orc.
The orc hits you with a +0 hand axe.
You hit the orc.
The orc is almost dead.
You hit the orc. The orc hits you with a +0 hand axe.
The orc barely misses you.
You hit the orc.
You kill the orc!
You hit the orc.
You kill the orc!
You barely miss the orc. The orc closely misses you.
You hit the orc but do no damage. The orc hits you with a +0 hand axe.
You barely miss the orc. The orc hits you with a +0 hand axe.
You closely miss the orc. You hit the orc.
The orc is lightly wounded.
The orc closely misses you.
You closely miss the orc.
The orc is lightly wounded.
The orc hits you with a +0 hand axe.
* * * LOW HITPOINT WARNING * * *
You hit the orc.
The orc is severely wounded.
The orc closely misses you.
You barely miss the orc.
The orc is severely wounded.
The orc hits you with a +0 hand axe.
You die... #.. oo#

..#####.##..#
.........##.+
####........#
#.....##.##
#.........##
........!....##
....#.....##.)##
(....##.(#####o@##+#
..... #### ##)...#
.. ######


You could see an orc.

Vanquished Creatures
  2 orcs (D:4)
2 creatures vanquished.

Notes
Turn   | Place    | Note
-------+----------+-------------------------------------------
     0 | D:5      | flotson the Demonspawn Delver began the quest for the Orb.
     0 | D:5      | Reached XP level 1. HP: 18/18 MP: 1/1
    20 | D:5      | Noticed an ogre
    33 | D:5      | Found an iron altar of Okawaru.
    58 | D:5      | Noticed a necrophage
    96 | D:4      | Slain by an orc

Illustrated notes

Levels and vault maps discovered:
D:4:      minmay_opposing_rooms, layout_cave_pools,
          nicolae_overflow_hidden_temple, lemuel_coloured_pillars_altar,
          dk_noncrumbling_3, minivault_24
D:5:      layout_basic, okawaru_gym_becter, minmay_misc_feat_doors,
          uniq_prince_ribbit1

Action                   || total
-------------------------++-------
Melee: Hand axe          ||    11
  Use: Potion            ||     1
Dodge: Dodged            ||     6

Table legend: (Time is in decaauts)
 A = Elapsed time spent in this place.
 B = Non-inter-level travel time spent in this place.
 C = Inter-level travel time spent in this place.
 D = Time resting spent in this place.
 E = Time spent auto-exploring this place.
 F = Levels seen in this place.
 G = Mean time per level.
                   A        B        C        D        E       F      G
               +--------+--------+--------+--------+--------+-----+--------+
         Total |     92 |     92 |      0 |      0 |     39 |   2 |   46.0 |
       Dungeon |     92 |     92 |      0 |      0 |     39 |   2 |   46.0 |
               +--------+--------+--------+--------+--------+-----+--------+

Top non-repeatable levels by time:
     D:5: 65 daAuts
     D:4: 27 daAuts
